 Dungeon Crawl Stone Soup version 0.26-b1-32-g5d43845318 (webtiles) character file.

Game seed: 11438286453171474372

77 tv1990 the Chopper (level 4, 0/37 HPs)
             Began as a Formicid Monk on Jan 13, 2021.
             Killed from afar by a white imp (5 damage)
             ... with a puff of frost
             ... on level 3 of the Dungeon.
             The game lasted 00:04:35 (2419 turns).

tv1990 the Chopper (Formicid Monk)                  Turns: 2419, Time: 00:04:36

Health: 0/37       AC:  8    Str: 17    XL:     4   Next: 60%
Magic:  4/4        EV:  8    Int:  9    God:
Gold:   129        SH:  0    Dex: 13    Spells: 3/3 levels left

rFire    . . .     SeeInvis +   a - +0 hand axe
rCold    . . .     Faith    +   (no shield)
rNeg     . . .     Spirit   .   i - +0 chain mail
rPois    .         Reflect  .   (helmet unavailable)
rElec    .         Harm     .   (no cloak)
rCorr    .         Rampage  .   (no gloves)
Will     .....                  (no boots)
Stlth    ..........             c - amulet of faith
HPRegen  0.12/turn              (no ring)
MPRegen  0.09/turn              (no ring)

@: no status effects
A: permanent stasis, dig shafts and tunnels, four strong arms, antennae 3
a: Dig, Shaft Self


You were on level 3 of the Dungeon.
You visited 1 branch of the dungeon, and saw 3 of its levels.

You collected 129 gold pieces.

Inventory:

Hand Weapons
 a - a +0 hand axe (weapon)
Missiles
 j - 13 poisoned darts (quivered)
 s - 6 curare-tipped darts
Armour
 b - a +0 robe
 f - a +0 ring mail
 i - a +0 chain mail (worn)
Jewellery
 c - an amulet of faith (around neck)
 n - an uncursed ring of magical power {unknown}
 q - an uncursed ring of magical power {unknown}
 r - a +6 ring of strength {unknown}
Scrolls
 d - a scroll of amnesia
 e - a scroll of teleportation
 g - a scroll of enchant armour {unknown}
 h - a scroll of enchant weapon {unknown}
 k - a scroll of magic mapping {unknown}
 l - a scroll of identify {unknown}
 m - 2 scrolls of remove curse {unknown}
 o - a scroll of immolation {unknown}
Potions
 p - a potion of cancellation {unknown}


   Skills:
 + Level 3.9 Fighting
 * Level 4.2 Axes
 + Level 1.8 Armour
 - Level 2.6 Dodging
 - Level 2.4 Stealth


You had 3 spell levels left.
You didn't know any spells.
Your spell library was empty.

Dungeon Overview and Level Annotations

Branches:
Dungeon (3/15)

Altars:


Innate Abilities, Weirdness & Mutations

You cannot be hasted, slowed, berserked, paralysed or teleported.
You can dig through walls and to a lower floor.
Your four strong arms can wield two-handed weapons with a shield.
You have a pair of large antennae on your head. (SInv)


Message History

You see here a kobold corpse.
You start resting.
A white imp is nearby!
You slash the white imp!
The white imp is severely wounded.
The white imp hits you but does no damage.
You closely miss the white imp.
The white imp is severely wounded.
The white imp hits you but does no damage.
You closely miss the white imp.
The white imp is severely wounded.
The white imp hits you.
* * * LOW HITPOINT WARNING * * *
The white imp freezes you.
* * * LOW HITPOINT WARNING * * *
You closely miss the white imp.
The white imp is severely wounded.
The white imp gestures at you. The puff of frost hits you.
You die...

#.. #..##..... ..#
#..##g........ #.#
###.............
#.#
..>.............
#.########.#
###....(##...##
#.........#.
#####†# .#
########.### #.##
#.## # #..####
##.### #..{#@#
##.#. #..#5## ##..
#..### #.[ #..#
#####.. #..#
#......
#..##########
#.###..
#...........# #.#
#..
#######.###.####.#
#.# #.# #......#
#.#


You could see a white imp.

Vanquished Creatures
  3 adders
  An ooze (D:2)
  3 leopard geckos
  An orc (D:3)
  A ball python (D:1)
  2 giant cockroaches (D:1)
  4 goblins
  A hobgoblin (D:1)
  3 jackals (D:1)
  9 kobolds
  A quokka (D:1)
  5 bats
  3 frilled lizards
  4 rats
41 creatures vanquished.

Notes
Turn   | Place    | Note
-------+----------+-------------------------------------------
     0 | D:1      | tv1990 the Formicid Monk began the quest for the Orb.
     0 | D:1      | Reached XP level 1. HP: 18/18 MP: 1/1
    52 | D:1      | You fall into a shaft and drop 1 floor!
    73 | D:2      | Reached XP level 2. HP: 18/24 MP: 2/2
   343 | D:1      | Reached skill level 1 in Armour
   467 | D:1      | Reached XP level 3. HP: 29/29 MP: 3/3
  1699 | D:2      | Reached XP level 4. HP: 22/37 MP: 4/4
  1937 | D:2      | Reached skill level 4 in Axes
  2419 | D:3      | Killed from afar by a white imp

Skill      XL: |  1  2  3  4 |
---------------+-------------+-----
Armour         | 1 |  1.8
Axes           | 4 |  4.2
Fighting       | |  3.9
Dodging        | |  2.6
Stealth        | |  2.4

Action                   |  1- 3 |  4- 6 || total
-------------------------+-------+-------++-------
Melee: Hand axe          |   115 |    58 ||   173
Throw: Dart              |       |     5 ||     5
 Abil: Dig               |       |     1 ||     1
  Use: Potion            |     1 |     1 ||     2
       Scroll            |       |     2 ||     2
 Stab: Sleeping          |     3 |       ||     3
Armor: Robe              |     4 |       ||     4
       Ring mail         |    12 |       ||    12
       Chain mail        |    68 |    30 ||    98
       Skin              |     2 |       ||     2
Dodge: Dodged            |    64 |    27 ||    91

Levels and vault maps discovered:
D:1:      dpeg_arrival_simpleton_c, layout_basic
D:2:      layout_loops_corners
D:3:      layout_loops_ring
